![]() |
![]() |
![]() |
html PUBLIC "-//W3C//DTD XHTML 1.0 Transitional//EN" "http://www.w3.org/TR/xhtml1/DTD/xhtml1-transitional.dtd">
COLORADO GLACIERCATS vs SAN FRANCISCO SPIDERSCreated - 28 janvier 2025 at 11:11
1st period
1. SAN FRANCISCO SPIDERS , Bo Horvat 23 (Brandon Hagel 22, Gustav Nyquist 25) at 14:08
Penalties :
Jamie Oleksiak (COL) for Cross-checking (Minor) at 1:17
2nd period
2. SAN FRANCISCO SPIDERS , Brandon Hagel 13 (Bo Horvat 32, Brent Burns 20) at 3:26
Penalties :
Jacob Middleton (SAF) for Hooking (Minor) at 5:00, Tage Thompson (COL) for Holding (Minor) at 5:00, Shea Theodore (SAF) for Delaying the game (Minor) at 15:19
3rd period
3. SAN FRANCISCO SPIDERS , Gustav Nyquist 9 (Brandon Hagel 23, Bo Horvat 33) at 4:02
4. COLORADO GLACIERCATS , Sidney Crosby 24 (Leon Draisaitl 38, Tomas Hertl 28) at 10:20 Penalties :
Jamie Oleksiak (COL) for Interference (Minor) at 13:09, Joel Edmundson (SAF) for Hooking (Minor) at 18:04
Goalie StatsAndrei Vasilevskiy (COL), 34 saves from 37 shots - (0,919), L, 29-10-3, 60:00 minutes
Igor Shesterkin (SAF), 18 saves from 19 shots - (0,947), W, 31-7-2, 60:00 minutes
Players Stats for COLORADO GLACIERCATSPlayer Name G A P +/- PIM S H SB GA TA FO MP PP MP PK MP ------------------------------------------------------------------------------------ Alexander Wennberg 0 0 0 0 0 3 0 1 0 0 7/18 16:57 0:00 2:03 Bryan Rust 0 0 0 -1 0 0 0 0 0 0 1/2 22:01 2:28 2:17 Devon Toews 0 0 0 -1 0 1 2 1 0 0 0/0 23:04 1:26 2:09 Dylan Samberg 0 0 0 -1 0 0 0 1 0 0 0/0 4:20 0:00 1:41 Erik Karlsson 0 0 0 -1 0 0 1 3 0 0 0/0 21:10 1:33 0:08 Jamie Benn 0 0 0 -1 0 0 2 0 0 0 1/2 22:10 2:25 1:55 Jamie Oleksiak 0 0 0 0 4 0 6 2 0 0 0/0 11:59 0:00 0:00 Keegan Kolesar 0 0 0 0 0 0 0 0 0 0 0/0 1:09 0:00 0:00 Lane Hutson 0 0 0 -1 0 1 5 2 0 0 0/0 17:08 2:28 0:00 Leon Draisaitl 0 1 1 -1 0 1 0 0 0 0 3/4 19:59 1:26 0:00 Mario Ferraro 0 0 0 0 0 0 2 3 0 0 0/0 21:03 0:55 2:09 Mike Hoffman 0 0 0 0 0 0 0 0 0 0 0/0 1:09 0:00 0:00 Nic Dowd 0 0 0 0 0 0 4 1 0 0 3/7 16:35 0:00 1:41 Sidney Crosby 1 0 1 -1 0 6 1 0 0 0 10/23 19:41 1:26 0:00 Tage Thompson 0 0 0 -1 2 3 1 0 0 0 10/22 19:43 2:28 0:00 Teuvo Teravainen 0 0 0 0 0 0 1 0 0 0 1/2 14:57 0:03 0:00 Tomas Hertl 0 1 1 -1 0 3 1 0 0 0 0/0 19:41 1:26 0:00 Vince Dunn 0 0 0 0 0 1 0 0 0 0 0/0 21:14 1:26 1:49 Players Stats for SAN FRANCISCO SPIDERSPlayer Name G A P +/- PIM S H SB GA TA FO MP PP MP PK MP ------------------------------------------------------------------------------------ Bo Horvat 1 2 3 2 0 7 1 0 0 0 10/23 19:04 2:36 0:00 Brady Tkachuk 0 0 0 0 0 7 4 1 0 0 1/1 17:38 2:36 0:00 Brandon Hagel 1 2 3 2 0 2 2 0 0 0 0/0 19:22 1:22 2:06 Brent Burns 0 1 1 3 0 1 0 2 0 0 0/0 23:52 1:07 2:19 Dakota Joshua 0 0 0 0 0 0 2 0 0 0 2/5 3:34 0:00 0:00 Gustav Nyquist 1 1 2 2 0 2 1 0 0 0 0/1 19:07 0:00 1:48 Jacob Middleton 0 0 0 -1 2 0 0 0 0 0 0/0 19:01 0:00 1:02 Joel Edmundson 0 0 0 3 2 0 0 1 0 0 0/0 19:32 0:00 0:20 Justin Brazeau 0 0 0 0 0 0 0 0 0 0 0/0 3:34 0:00 0:00 Luke Hughes 0 0 0 0 0 0 0 1 0 0 0/0 17:48 2:51 1:15 Luke Kunin 0 0 0 0 0 1 0 0 0 0 0/0 3:34 0:00 0:00 Nick Bjugstad 0 0 0 0 0 0 0 0 0 0 14/23 16:53 0:00 1:51 Nico Hischier 0 0 0 0 0 5 0 0 0 0 14/19 17:35 1:22 0:00 Sean Durzi 0 0 0 -1 0 0 3 1 0 0 0/0 22:37 1:07 1:57 Sebastian Aho 0 0 0 0 0 6 0 0 0 0 2/5 18:41 1:22 0:15 Shea Theodore 0 0 0 0 2 0 2 0 0 0 0/0 17:07 2:51 0:55 Trevor Moore 0 0 0 0 0 3 5 1 0 0 0/0 17:27 0:00 1:48 Zach Hyman 0 0 0 0 0 3 0 1 0 0 1/3 17:38 2:36 0:00 3 Stars
1 - Brandon Hagel (SAF)
2 - Bo Horvat (SAF) 3 - Gustav Nyquist (SAF) Power PlayCOLORADO GLACIERCATS - 0 on 2 Attempt(s) - 0,00%
SAN FRANCISCO SPIDERS - 0 on 2 Attempt(s) - 0,00%
Penalty KillCOLORADO GLACIERCATS - 2 on 2 Attempt(s) - 100,00%
- Score 0 goal in Penalty Kill
SAN FRANCISCO SPIDERS - 2 on 2 Attempt(s) - 100,00%
- Score 0 goal in Penalty Kill
Team StatCOLORADO GLACIERCATS - Hits : 26 - Faceoff Wins : 36 - Blocked Shots : 14 - Penalty Minutes : 6
SAN FRANCISCO SPIDERS - Hits : 20 - Faceoff Wins : 44 - Blocked Shots : 8 - Penalty Minutes : 6
Official
Referees : Brian Pochmara and Robert Hennessey
Linesman : Brent Hooks and Derek Nansen Game Notes
No Game Note
FinanceLevel 1 -- Attendance: 6105 (100,00%) -- Ticket Income 915 750 $Level 2 -- Attendance: 5036 (97,22%) -- Ticket Income 503 600 $ Level 3 -- Attendance: 2035 (100,00%) -- Ticket Income 162 800 $ Level 4 -- Attendance: 4180 (100,00%) -- Ticket Income 250 800 $ Luxury Box -- Attendance: 1000 (100,00%) -- Ticket Income 300 000 $ Game was played at the Bay Area Sports Center. Total Attendance: 18356 (99,22%) Total Ticket Income: 2 132 950 $ Other Expense: 21 330 $ Total Income: 2 111 620 $ COLORADO GLACIERCATS5 vs 5 Forward Center Left Wing Right Wing Time % Phy DF OF 1 Sidney Crosby Tomas Hertl Leon Draisaitl 35 0 1 4 2 Tage Thompson Jamie Benn Bryan Rust 35 0 2 3 3 Alexander Wennberg Teuvo Teravainen Nic Dowd 29 0 3 2 4 Leon Draisaitl Mike Hoffman Keegan Kolesar 1 1 2 2 5 vs 5 Defense Defense Defense Time % Phy DF OF 1 Erik Karlsson Devon Toews 38 0 2 3 2 Vince Dunn Mario Ferraro 36 0 2 3 3 Jamie Oleksiak Lane Hutson 21 0 2 3 4 Lane Hutson Dylan Samberg 5 0 3 2 PowerPlay Forward Center Left Wing Right Wing Time % Phy DF OF 1 Sidney Crosby Tomas Hertl Leon Draisaitl 55 0 0 5 2 Tage Thompson Jamie Benn Bryan Rust 45 0 0 5 PowerPlay Defense Defense Defense Time % Phy DF OF 1 Erik Karlsson Lane Hutson 60 0 1 4 2 Vince Dunn Devon Toews 40 0 1 4 Penalty Kill 4 Players Forward Center Wing Time % Phy DF OF 1 Nic Dowd Jamie Benn 50 0 4 1 2 Alexander Wennberg Bryan Rust 50 0 4 1 Penalty Kill 4 Players Defense Defense Defense Time % Phy DF OF 1 Devon Toews Mario Ferraro 50 0 5 0 2 Jamie Oleksiak Vince Dunn 50 0 5 0 Penalty Kill - 3 Players Forward Forward Time % Phy DF OF 1 Leon Draisaitl 50 0 5 0 2 Alexander Wennberg 50 0 5 0 Penalty Kill - 3 Players Defense Defense Defense Time % Phy DF OF 1 Jamie Oleksiak Erik Karlsson 50 0 5 0 2 Devon Toews Mario Ferraro 50 0 5 0 4 vs 4 Forward Center Wing Time % Phy DF OF 1 Tage Thompson Leon Draisaitl 50 0 1 4 2 Sidney Crosby Tomas Hertl 50 0 1 4 4 vs 4 Defense Defense Defense Time % Phy DF OF 1 Erik Karlsson Devon Toews 50 0 2 3 2 Vince Dunn Mario Ferraro 50 0 2 3 Last Minutes Offensive Center Left Wing Right Wing Defense Defense Sidney Crosby Tomas Hertl Leon Draisaitl Erik Karlsson Vince Dunn Last Minutes Defensive Center Left Wing Right Wing Defense Defense Alexander Wennberg Tomas Hertl Nic Dowd Devon Toews Jamie Oleksiak Goaltenders Starting : Andrei Vasilevskiy Backup : David Rittich Extra Forwards Normal : Leon Draisaitl, Sidney Crosby, Jamie Benn - PP : Teuvo Teravainen, Alexander Wennberg - PK : Jamie Benn Extra Defensemen Normal : Dylan Samberg, Lane Hutson, Jamie Oleksiak - PP : Mario Ferraro - PK : Dylan Samberg, Erik Karlsson Penalty Shots Sidney Crosby, Leon Draisaitl, Tage Thompson, Tomas Hertl, Bryan Rust Custom OT Lines Forwards Leon Draisaitl, Sidney Crosby, Tomas Hertl, Bryan Rust, Tage Thompson, Jamie Benn, Teuvo Teravainen, Alexander Wennberg, Nic Dowd, Mike Hoffman Custom OT Lines Defensemen Devon Toews, Erik Karlsson, Vince Dunn, Mario Ferraro, Lane Hutson Scratches None SAN FRANCISCO SPIDERS5 vs 5 Forward Center Left Wing Right Wing Time % Phy DF OF 1 Nico Hischier Sebastian Aho Trevor Moore 32 0 1 4 2 Bo Horvat Brandon Hagel Gustav Nyquist 32 0 1 4 3 Nick Bjugstad Brady Tkachuk Zach Hyman 31 0 1 4 4 Dakota Joshua Luke Kunin Justin Brazeau 5 0 5 0 5 vs 5 Defense Defense Defense Time % Phy DF OF 1 Brent Burns Joel Edmundson 40 0 3 2 2 Jacob Middleton Sean Durzi 35 0 4 1 3 Shea Theodore Luke Hughes 20 0 4 1 4 Brent Burns Shea Theodore 5 0 2 3 PowerPlay Forward Center Left Wing Right Wing Time % Phy DF OF 1 Bo Horvat Brady Tkachuk Zach Hyman 50 0 1 4 2 Nico Hischier Brandon Hagel Sebastian Aho 50 0 1 4 PowerPlay Defense Defense Defense Time % Phy DF OF 1 Brent Burns Sean Durzi 55 0 2 3 2 Shea Theodore Luke Hughes 45 0 2 3 Penalty Kill 4 Players Forward Center Wing Time % Phy DF OF 1 Nick Bjugstad Brandon Hagel 55 1 2 2 2 Gustav Nyquist Trevor Moore 45 1 2 2 Penalty Kill 4 Players Defense Defense Defense Time % Phy DF OF 1 Brent Burns Shea Theodore 55 1 2 2 2 Sean Durzi Luke Hughes 45 1 2 2 Penalty Kill - 3 Players Forward Forward Time % Phy DF OF 1 Nick Bjugstad 55 1 2 2 2 Trevor Moore 45 1 2 2 Penalty Kill - 3 Players Defense Defense Defense Time % Phy DF OF 1 Brent Burns Joel Edmundson 55 1 2 2 2 Sean Durzi Luke Hughes 45 1 2 2 4 vs 4 Forward Center Wing Time % Phy DF OF 1 Sebastian Aho Gustav Nyquist 55 1 2 2 2 Nico Hischier Bo Horvat 45 1 2 2 4 vs 4 Defense Defense Defense Time % Phy DF OF 1 Brent Burns Jacob Middleton 55 1 2 2 2 Sean Durzi Luke Hughes 45 1 2 2 Last Minutes Offensive Center Left Wing Right Wing Defense Defense Sebastian Aho Gustav Nyquist Zach Hyman Brent Burns Joel Edmundson Last Minutes Defensive Center Left Wing Right Wing Defense Defense Sebastian Aho Gustav Nyquist Zach Hyman Brent Burns Joel Edmundson Goaltenders Starting : Igor Shesterkin Backup : Justus Annunen Extra Forwards Normal : Dakota Joshua, Sebastian Aho, Nick Bjugstad - PP : Dakota Joshua, Gustav Nyquist - PK : Nick Bjugstad Extra Defensemen Normal : Jacob Middleton, Brent Burns, Sean Durzi - PP : Jacob Middleton - PK : Brent Burns, Sean Durzi Penalty Shots Sebastian Aho, Gustav Nyquist, Nico Hischier, Bo Horvat, Zach Hyman Custom OT Lines Forwards Sebastian Aho, Gustav Nyquist, Nico Hischier, Bo Horvat, Zach Hyman, Brady Tkachuk, Nick Bjugstad, Brandon Hagel, Trevor Moore, Dakota Joshua Custom OT Lines Defensemen Brent Burns, Shea Theodore, Sean Durzi, Luke Hughes, Jacob Middleton Scratches Brock McGinn (Broken Left Foot Toe Injury), Brock Faber (Left Foot Injury)
Play-by-Play1st period0:01 of 1st period - Nico Hischier wins face-off versus Sidney Crosby in neutral zone. 0:05 of 1st period - Trevor Moore is hit by Devon Toews. 0:07 of 1st period - Shot by Nico Hischier. 0:07 of 1st period - Stopped by Andrei Vasilevskiy with a rebound. 1:16 of 1st period - Shot by Bo Horvat. 1:16 of 1st period - Stopped by Andrei Vasilevskiy without a rebound. 1:17 of 1st period - Nick Bjugstad wins face-off versus Alexander Wennberg in COLORADO GLACIERCATS zone. 1:17 of 1st period - Minor Penalty to Jamie Oleksiak for Cross-checking. 1:18 of 1st period - Nic Dowd wins face-off versus Bo Horvat in COLORADO GLACIERCATS zone. 1:25 of 1st period - Icing by Zach Hyman. 1:26 of 1st period - Bo Horvat wins face-off versus Alexander Wennberg in SAN FRANCISCO SPIDERS zone. 1:28 of 1st period - Icing by Brady Tkachuk. 1:29 of 1st period - Bo Horvat wins face-off versus Alexander Wennberg in SAN FRANCISCO SPIDERS zone. 1:50 of 1st period - Shot by Bo Horvat. 1:50 of 1st period - Stopped by Andrei Vasilevskiy without a rebound. 1:51 of 1st period - Nico Hischier wins face-off versus Nic Dowd in COLORADO GLACIERCATS zone. 2:13 of 1st period - Off-side. 2:14 of 1st period - Brady Tkachuk wins face-off versus Nic Dowd in neutral zone. 2:30 of 1st period - Icing by Shea Theodore. 2:31 of 1st period - Bo Horvat wins face-off versus Alexander Wennberg in SAN FRANCISCO SPIDERS zone. 3:17 of 1st period - Shea Theodore is hit by Lane Hutson and loses puck. 3:32 of 1st period - Shot by Sebastian Aho. 3:32 of 1st period - Stopped by Andrei Vasilevskiy without a rebound. 3:33 of 1st period - Dakota Joshua wins face-off versus Alexander Wennberg in COLORADO GLACIERCATS zone. 3:40 of 1st period - Shot by Dakota Joshua. 3:40 of 1st period - Shot Misses the Net. 4:43 of 1st period - Devon Toews is hit by Brady Tkachuk and loses puck. 4:48 of 1st period - Shot by Nick Bjugstad. 4:48 of 1st period - Deflect By Brady Tkachuk. 4:48 of 1st period - Stopped by Andrei Vasilevskiy without a rebound. 4:49 of 1st period - Nick Bjugstad wins face-off versus Sidney Crosby in COLORADO GLACIERCATS zone. 4:52 of 1st period - Shot by Zach Hyman. 4:52 of 1st period - Shot Misses the Net. 4:54 of 1st period - Shot by Zach Hyman. 4:54 of 1st period - Stopped by Andrei Vasilevskiy without a rebound. 4:55 of 1st period - Tage Thompson wins face-off versus Zach Hyman in COLORADO GLACIERCATS zone. 5:10 of 1st period - Shot by Tage Thompson. 5:10 of 1st period - Shot Misses the Net. 5:13 of 1st period - Icing by Nick Bjugstad. 5:14 of 1st period - Sidney Crosby wins face-off versus Nick Bjugstad in SAN FRANCISCO SPIDERS zone. 5:25 of 1st period - Shot by Zach Hyman. 5:25 of 1st period - Deflect By Brady Tkachuk. 5:25 of 1st period - Shot Misses the Net. 6:53 of 1st period - Icing by Vince Dunn. 6:54 of 1st period - Nico Hischier wins face-off versus Tage Thompson in COLORADO GLACIERCATS zone. 6:55 of 1st period - Shot by Sebastian Aho. 6:55 of 1st period - Shot Misses the Net. 7:34 of 1st period - Shot by Sebastian Aho. 7:34 of 1st period - Stopped by Andrei Vasilevskiy with a rebound. 7:42 of 1st period - Shot by Nico Hischier. 7:42 of 1st period - Deflect By Sebastian Aho. 7:42 of 1st period - Stopped by Andrei Vasilevskiy without a rebound. 7:43 of 1st period - Sidney Crosby wins face-off versus Bo Horvat in COLORADO GLACIERCATS zone. 7:43 of 1st period - Sidney Crosby is hit by Brandon Hagel. 8:14 of 1st period - Off-side. 8:15 of 1st period - Nick Bjugstad wins face-off versus Alexander Wennberg in neutral zone. 8:19 of 1st period - Off-side. 8:20 of 1st period - Nick Bjugstad wins face-off versus Tage Thompson in neutral zone. 9:18 of 1st period - Icing by Sean Durzi. 9:19 of 1st period - Alexander Wennberg wins face-off versus Nick Bjugstad in SAN FRANCISCO SPIDERS zone. 9:36 of 1st period - Shot by Alexander Wennberg. 9:36 of 1st period - Stopped by Igor Shesterkin without a rebound. 9:37 of 1st period - Bo Horvat wins face-off versus Sidney Crosby in SAN FRANCISCO SPIDERS zone. 9:46 of 1st period - Shot by Brandon Hagel. 9:46 of 1st period - Stopped by Andrei Vasilevskiy without a rebound. 9:47 of 1st period - Alexander Wennberg wins face-off versus Bo Horvat in COLORADO GLACIERCATS zone. 10:03 of 1st period - Off-side. 10:04 of 1st period - Nico Hischier wins face-off versus Tage Thompson in neutral zone. 10:15 of 1st period - Shot by Nico Hischier. 10:15 of 1st period - Stopped by Andrei Vasilevskiy without a rebound. 10:16 of 1st period - Teuvo Teravainen wins face-off versus Bo Horvat in COLORADO GLACIERCATS zone. 11:21 of 1st period - Devon Toews is hit by Trevor Moore and loses puck. 11:37 of 1st period - Trevor Moore is hit by Nic Dowd and loses puck. 11:54 of 1st period - Shot by Sebastian Aho. 11:54 of 1st period - Shot Blocked by Erik Karlsson. 11:56 of 1st period - Shot by Sebastian Aho. 11:56 of 1st period - Deflect By Trevor Moore. 11:56 of 1st period - Shot Misses the Net. 11:58 of 1st period - Shot by Sebastian Aho. 11:58 of 1st period - Stopped by Andrei Vasilevskiy with a rebound. 12:00 of 1st period - Shot by Nico Hischier. 12:00 of 1st period - Shot Misses the Net. 12:44 of 1st period - Sidney Crosby is hit by Sean Durzi and loses puck. 13:03 of 1st period - Tomas Hertl is hit by Sean Durzi and loses puck. 13:30 of 1st period - Shot by Bo Horvat. 13:30 of 1st period - Stopped by Andrei Vasilevskiy without a rebound. 13:31 of 1st period - Nico Hischier wins face-off versus Leon Draisaitl in COLORADO GLACIERCATS zone. 13:34 of 1st period - Shot by Sebastian Aho. 13:34 of 1st period - Stopped by Andrei Vasilevskiy without a rebound. 13:35 of 1st period - Tage Thompson wins face-off versus Bo Horvat in COLORADO GLACIERCATS zone. 13:35 of 1st period - Tage Thompson is hit by Gustav Nyquist. 13:52 of 1st period - Shot by Gustav Nyquist. 13:52 of 1st period - Shot Blocked by Dylan Samberg. 14:08 of 1st period - Shot by Bo Horvat. 14:08 of 1st period - Goal by Bo Horvat - COLORADO GLACIERCATS : 0 - SAN FRANCISCO SPIDERS : 1. 14:09 of 1st period - Nico Hischier wins face-off versus Sidney Crosby in neutral zone. 14:14 of 1st period - Tomas Hertl is hit by Trevor Moore and loses puck. 14:21 of 1st period - Shot by Trevor Moore. 14:21 of 1st period - Shot Hit the Post. 14:23 of 1st period - Shot by Trevor Moore. 14:23 of 1st period - Stopped by Andrei Vasilevskiy without a rebound. 14:24 of 1st period - Leon Draisaitl wins face-off versus Nick Bjugstad in COLORADO GLACIERCATS zone. 14:38 of 1st period - Icing by Jacob Middleton. 14:39 of 1st period - Nick Bjugstad wins face-off versus Tage Thompson in SAN FRANCISCO SPIDERS zone. 14:52 of 1st period - Vince Dunn is hit by Brady Tkachuk and loses puck. 15:53 of 1st period - Shot by Sidney Crosby. 15:53 of 1st period - Stopped by Igor Shesterkin without a rebound. 15:54 of 1st period - Alexander Wennberg wins face-off versus Bo Horvat in SAN FRANCISCO SPIDERS zone. 16:03 of 1st period - Nic Dowd is hit by Brandon Hagel and loses puck. 16:20 of 1st period - Shot by Gustav Nyquist. 16:20 of 1st period - Deflect By Bo Horvat. 16:20 of 1st period - Stopped by Andrei Vasilevskiy without a rebound. 16:21 of 1st period - Sidney Crosby wins face-off versus Nico Hischier in COLORADO GLACIERCATS zone. 16:21 of 1st period - Leon Draisaitl is hit by Trevor Moore. 16:55 of 1st period - Nico Hischier is hit by Jamie Oleksiak and loses puck. 17:01 of 1st period - Nico Hischier is hit by Jamie Oleksiak and loses puck. 17:06 of 1st period - Shot by Nico Hischier. 17:06 of 1st period - Stopped by Andrei Vasilevskiy without a rebound. 17:07 of 1st period - Bo Horvat wins face-off versus Tage Thompson in COLORADO GLACIERCATS zone. 17:10 of 1st period - Shot by Brandon Hagel. 17:10 of 1st period - Shot Blocked by Erik Karlsson. 17:16 of 1st period - Erik Karlsson is hit by Bo Horvat and loses puck. 17:30 of 1st period - Shot by Bryan Rust. 17:30 of 1st period - Shot Misses the Net. 17:33 of 1st period - Tage Thompson is hit by Shea Theodore. 18:09 of 1st period - Icing by Teuvo Teravainen. 18:10 of 1st period - Alexander Wennberg wins face-off versus Sebastian Aho in COLORADO GLACIERCATS zone. 18:10 of 1st period - Alexander Wennberg is hit by Trevor Moore. 18:36 of 1st period - Shot by Trevor Moore. 18:36 of 1st period - Deflect By Sebastian Aho. 18:36 of 1st period - Shot Misses the Net. 18:38 of 1st period - Shot by Trevor Moore. 18:38 of 1st period - Stopped by Andrei Vasilevskiy without a rebound. 18:39 of 1st period - Nick Bjugstad wins face-off versus Sidney Crosby in COLORADO GLACIERCATS zone. 18:40 of 1st period - Shot by Zach Hyman. 18:40 of 1st period - Shot Blocked by Lane Hutson. 18:46 of 1st period - Tomas Hertl is hit by Brady Tkachuk and loses puck. 19:02 of 1st period - Brady Tkachuk is hit by Lane Hutson and loses puck. 19:13 of 1st period - Shot by Brady Tkachuk. 19:13 of 1st period - Stopped by Andrei Vasilevskiy without a rebound. 19:14 of 1st period - Tage Thompson wins face-off versus Nico Hischier in COLORADO GLACIERCATS zone. 19:36 of 1st period - Shot by Tage Thompson. 19:36 of 1st period - Stopped by Igor Shesterkin with a rebound. Goals for this period are 0 for COLORADO GLACIERCATS vs 1 for SAN FRANCISCO SPIDERS. Shots for this period are 3 for COLORADO GLACIERCATS vs 19 for SAN FRANCISCO SPIDERS. 2nd period0:01 of 2nd period - Sidney Crosby wins face-off versus Bo Horvat in neutral zone. 0:26 of 2nd period - Shot by Tomas Hertl. 0:26 of 2nd period - Deflect By Leon Draisaitl. 0:26 of 2nd period - Shot Misses the Net. 0:28 of 2nd period - Shot by Tomas Hertl. 0:28 of 2nd period - Stopped by Igor Shesterkin without a rebound. 0:29 of 2nd period - Nico Hischier wins face-off versus Alexander Wennberg in SAN FRANCISCO SPIDERS zone. 0:57 of 2nd period - Shot by Alexander Wennberg. 0:57 of 2nd period - Stopped by Igor Shesterkin without a rebound. 0:58 of 2nd period - Bo Horvat wins face-off versus Sidney Crosby in SAN FRANCISCO SPIDERS zone. 1:22 of 2nd period - Shot by Sidney Crosby. 1:22 of 2nd period - Stopped by Igor Shesterkin without a rebound. 1:23 of 2nd period - Nick Bjugstad wins face-off versus Tage Thompson in SAN FRANCISCO SPIDERS zone. 1:25 of 2nd period - Icing by Brady Tkachuk. 1:26 of 2nd period - Nick Bjugstad wins face-off versus Bryan Rust in SAN FRANCISCO SPIDERS zone. 1:37 of 2nd period - Shot by Brady Tkachuk. 1:37 of 2nd period - Stopped by Andrei Vasilevskiy with a rebound. 1:43 of 2nd period - Jacob Middleton is hit by Tage Thompson. 1:53 of 2nd period - Shot by Zach Hyman. 1:53 of 2nd period - Stopped by Andrei Vasilevskiy without a rebound. 1:54 of 2nd period - Sidney Crosby wins face-off versus Bo Horvat in COLORADO GLACIERCATS zone. 2:07 of 2nd period - Shot by Leon Draisaitl. 2:07 of 2nd period - Stopped by Igor Shesterkin without a rebound. 2:08 of 2nd period - Nico Hischier wins face-off versus Alexander Wennberg in SAN FRANCISCO SPIDERS zone. 2:08 of 2nd period - Shea Theodore is hit by Teuvo Teravainen and loses puck. 2:28 of 2nd period - Trevor Moore is hit by Mario Ferraro and loses puck. 2:35 of 2nd period - Teuvo Teravainen is hit by Trevor Moore and loses puck. 2:56 of 2nd period - Shea Theodore is hit by Nic Dowd and loses puck. 3:26 of 2nd period - Shot by Brandon Hagel. 3:26 of 2nd period - Goal by Brandon Hagel - COLORADO GLACIERCATS : 0 - SAN FRANCISCO SPIDERS : 2. 3:27 of 2nd period - Nick Bjugstad wins face-off versus Tage Thompson in neutral zone. 3:30 of 2nd period - Jamie Oleksiak is hit by Brady Tkachuk and loses puck. 3:50 of 2nd period - Zach Hyman is hit by Jamie Oleksiak and loses puck. 3:58 of 2nd period - Icing by Lane Hutson. 3:59 of 2nd period - Bo Horvat wins face-off versus Jamie Benn in COLORADO GLACIERCATS zone. 4:06 of 2nd period - Brandon Hagel is hit by Lane Hutson. 4:16 of 2nd period - Shot by Brandon Hagel. 4:16 of 2nd period - Shot Blocked by Jamie Oleksiak. 4:27 of 2nd period - Brandon Hagel is hit by Jamie Oleksiak and loses puck. 4:46 of 2nd period - Bo Horvat is hit by Jamie Oleksiak and loses puck. 5:00 of 2nd period - Minor Penalty to Jacob Middleton for Hooking. 5:00 of 2nd period - Minor Penalty to Tage Thompson for Holding. 5:01 of 2nd period - Sebastian Aho wins face-off versus Sidney Crosby in SAN FRANCISCO SPIDERS zone. 5:23 of 2nd period - Shot by Sidney Crosby. 5:23 of 2nd period - Stopped by Igor Shesterkin without a rebound. 5:24 of 2nd period - Nico Hischier wins face-off versus Sidney Crosby in SAN FRANCISCO SPIDERS zone. 5:31 of 2nd period - Shot by Bo Horvat. 5:31 of 2nd period - Stopped by Andrei Vasilevskiy without a rebound. 5:32 of 2nd period - Sebastian Aho wins face-off versus Sidney Crosby in COLORADO GLACIERCATS zone. 5:57 of 2nd period - Shot by Sidney Crosby. 5:57 of 2nd period - Shot Misses the Net. 7:11 of 2nd period - Shot by Teuvo Teravainen. 7:11 of 2nd period - Shot Blocked by Zach Hyman. 7:14 of 2nd period - Icing by Shea Theodore. 7:15 of 2nd period - Leon Draisaitl wins face-off versus Nick Bjugstad in SAN FRANCISCO SPIDERS zone. 7:16 of 2nd period - Shot by Lane Hutson. 7:16 of 2nd period - Stopped by Igor Shesterkin without a rebound. 7:17 of 2nd period - Nick Bjugstad wins face-off versus Alexander Wennberg in SAN FRANCISCO SPIDERS zone. 8:12 of 2nd period - Shot by Sidney Crosby. 8:12 of 2nd period - Shot Blocked by Luke Hughes. 8:14 of 2nd period - Shot by Leon Draisaitl. 8:14 of 2nd period - Deflect By Tomas Hertl. 8:14 of 2nd period - Stopped by Igor Shesterkin with a rebound. 9:13 of 2nd period - Icing by Devon Toews. 9:14 of 2nd period - Sidney Crosby wins face-off versus Bo Horvat in COLORADO GLACIERCATS zone. 9:37 of 2nd period - Shot by Gustav Nyquist. 9:37 of 2nd period - Stopped by Andrei Vasilevskiy without a rebound. 9:38 of 2nd period - Nic Dowd wins face-off versus Dakota Joshua in COLORADO GLACIERCATS zone. 9:38 of 2nd period - Nic Dowd is hit by Dakota Joshua. 9:43 of 2nd period - Teuvo Teravainen is hit by Dakota Joshua and loses puck. 10:02 of 2nd period - Shot by Dakota Joshua. 10:02 of 2nd period - Shot Blocked by Mario Ferraro. 10:04 of 2nd period - Shot by Luke Kunin. 10:04 of 2nd period - Stopped by Andrei Vasilevskiy without a rebound. 10:05 of 2nd period - Tage Thompson wins face-off versus Bo Horvat in COLORADO GLACIERCATS zone. 11:26 of 2nd period - Joel Edmundson is hit by Nic Dowd and loses puck. 11:35 of 2nd period - Shot by Vince Dunn. 11:35 of 2nd period - Stopped by Igor Shesterkin without a rebound. 11:36 of 2nd period - Sidney Crosby wins face-off versus Nick Bjugstad in SAN FRANCISCO SPIDERS zone. 11:59 of 2nd period - Icing by Devon Toews. 12:00 of 2nd period - Nico Hischier wins face-off versus Sidney Crosby in COLORADO GLACIERCATS zone. 12:02 of 2nd period - Sebastian Aho is hit by Erik Karlsson and loses puck. 12:42 of 2nd period - Icing by Joel Edmundson. 12:43 of 2nd period - Bryan Rust wins face-off versus Nico Hischier in SAN FRANCISCO SPIDERS zone. 12:48 of 2nd period - Shot by Jamie Benn. 12:48 of 2nd period - Shot Misses the Net. 12:57 of 2nd period - Trevor Moore is hit by Mario Ferraro and loses puck. 13:36 of 2nd period - Sean Durzi is hit by Jamie Benn and loses puck. 13:57 of 2nd period - Sean Durzi is hit by Nic Dowd and loses puck. 14:29 of 2nd period - Teuvo Teravainen is hit by Shea Theodore and loses puck. 14:45 of 2nd period - Icing by Nick Bjugstad. 14:46 of 2nd period - Nick Bjugstad wins face-off versus Sidney Crosby in SAN FRANCISCO SPIDERS zone. 14:46 of 2nd period - Nick Bjugstad is hit by Tomas Hertl. 15:19 of 2nd period - Minor Penalty to Shea Theodore for Delaying the game. 15:20 of 2nd period - Tage Thompson wins face-off versus Nick Bjugstad in SAN FRANCISCO SPIDERS zone. 15:27 of 2nd period - Shot by Erik Karlsson. 15:27 of 2nd period - Shot Hit the Post. 15:35 of 2nd period - Shot by Bryan Rust. 15:35 of 2nd period - Shot Misses the Net. 15:37 of 2nd period - Shot by Erik Karlsson. 15:37 of 2nd period - Shot Misses the Net. 15:39 of 2nd period - Shot by Bryan Rust. 15:39 of 2nd period - Shot Blocked by Sean Durzi. 15:41 of 2nd period - Shot by Erik Karlsson. 15:41 of 2nd period - Shot Misses the Net. 15:51 of 2nd period - Shot by Tage Thompson. 15:51 of 2nd period - Shot Blocked by Brent Burns. 18:29 of 2nd period - Shot by Leon Draisaitl. 18:29 of 2nd period - Shot Misses the Net. 18:31 of 2nd period - Shot by Vince Dunn. 18:31 of 2nd period - Shot Blocked by Brady Tkachuk. 18:33 of 2nd period - Shot by Mario Ferraro. 18:33 of 2nd period - Shot Blocked by Brent Burns. 19:46 of 2nd period - Teuvo Teravainen is hit by Sean Durzi. Goals for this period are 0 for COLORADO GLACIERCATS vs 1 for SAN FRANCISCO SPIDERS. Shots for this period are 8 for COLORADO GLACIERCATS vs 6 for SAN FRANCISCO SPIDERS. 3rd period0:01 of 3rd period - Leon Draisaitl wins face-off versus Bo Horvat in neutral zone. 1:11 of 3rd period - Shot by Tage Thompson. 1:11 of 3rd period - Stopped by Igor Shesterkin without a rebound. 1:12 of 3rd period - Tage Thompson wins face-off versus Zach Hyman in SAN FRANCISCO SPIDERS zone. 1:18 of 3rd period - Off-side. 1:19 of 3rd period - Tage Thompson wins face-off versus Sebastian Aho in neutral zone. 1:54 of 3rd period - Shot by Nico Hischier. 1:54 of 3rd period - Stopped by Andrei Vasilevskiy with a rebound. 1:56 of 3rd period - Shot by Sean Durzi. 1:56 of 3rd period - Shot Blocked by Mario Ferraro. 2:13 of 3rd period - Icing by Mario Ferraro. 2:14 of 3rd period - Tage Thompson wins face-off versus Bo Horvat in COLORADO GLACIERCATS zone. 2:39 of 3rd period - Shot by Sidney Crosby. 2:39 of 3rd period - Shot Hit the Post. 2:41 of 3rd period - Shot by Erik Karlsson. 2:41 of 3rd period - Shot Blocked by Joel Edmundson. 2:43 of 3rd period - Shot by Tomas Hertl. 2:43 of 3rd period - Stopped by Igor Shesterkin without a rebound. 2:44 of 3rd period - Alexander Wennberg wins face-off versus Nick Bjugstad in SAN FRANCISCO SPIDERS zone. 4:02 of 3rd period - Shot by Gustav Nyquist. 4:02 of 3rd period - Goal by Gustav Nyquist - COLORADO GLACIERCATS : 0 - SAN FRANCISCO SPIDERS : 3. 4:03 of 3rd period - Nico Hischier wins face-off versus Tage Thompson in neutral zone. 6:12 of 3rd period - Shot by Zach Hyman. 6:12 of 3rd period - Deflect By Nick Bjugstad. 6:12 of 3rd period - Shot Misses the Net. 6:14 of 3rd period - Shot by Nick Bjugstad. 6:14 of 3rd period - Shot Blocked by Devon Toews. 6:16 of 3rd period - Shot by Brady Tkachuk. 6:16 of 3rd period - Stopped by Andrei Vasilevskiy without a rebound. 6:17 of 3rd period - Alexander Wennberg wins face-off versus Dakota Joshua in COLORADO GLACIERCATS zone. 6:40 of 3rd period - Shot by Luke Kunin. 6:40 of 3rd period - Shot Misses the Net. 6:46 of 3rd period - Shot by Dakota Joshua. 6:46 of 3rd period - Shot Blocked by Nic Dowd. 7:20 of 3rd period - Shot by Brady Tkachuk. 7:20 of 3rd period - Stopped by Andrei Vasilevskiy without a rebound. 7:21 of 3rd period - Bo Horvat wins face-off versus Tage Thompson in COLORADO GLACIERCATS zone. 8:01 of 3rd period - Off-side. 8:02 of 3rd period - Nico Hischier wins face-off versus Sidney Crosby in neutral zone. 8:22 of 3rd period - Shot by Sebastian Aho. 8:22 of 3rd period - Stopped by Andrei Vasilevskiy without a rebound. 8:23 of 3rd period - Nick Bjugstad wins face-off versus Alexander Wennberg in COLORADO GLACIERCATS zone. 8:28 of 3rd period - Shot by Zach Hyman. 8:28 of 3rd period - Shot Blocked by Alexander Wennberg. 8:30 of 3rd period - Shot by Shea Theodore. 8:30 of 3rd period - Shot Misses the Net. 8:32 of 3rd period - Shot by Nick Bjugstad. 8:32 of 3rd period - Shot Hit the Post. 8:44 of 3rd period - Shot by Zach Hyman. 8:44 of 3rd period - Stopped by Andrei Vasilevskiy without a rebound. 8:45 of 3rd period - Nico Hischier wins face-off versus Sidney Crosby in COLORADO GLACIERCATS zone. 8:54 of 3rd period - Shot by Sebastian Aho. 8:54 of 3rd period - Shot Misses the Net. 9:04 of 3rd period - Shot by Erik Karlsson. 9:04 of 3rd period - Deflect By Sidney Crosby. 9:04 of 3rd period - Stopped by Igor Shesterkin without a rebound. 9:05 of 3rd period - Bo Horvat wins face-off versus Tage Thompson in SAN FRANCISCO SPIDERS zone. 10:04 of 3rd period - Shot by Leon Draisaitl. 10:04 of 3rd period - Shot Misses the Net. 10:18 of 3rd period - Shot by Leon Draisaitl. 10:18 of 3rd period - Shot Misses the Net. 10:20 of 3rd period - Shot by Sidney Crosby. 10:20 of 3rd period - Goal by Sidney Crosby - COLORADO GLACIERCATS : 1 - SAN FRANCISCO SPIDERS : 3. 10:21 of 3rd period - Alexander Wennberg wins face-off versus Nick Bjugstad in neutral zone. 10:50 of 3rd period - Shot by Alexander Wennberg. 10:50 of 3rd period - Stopped by Igor Shesterkin without a rebound. 10:51 of 3rd period - Sidney Crosby wins face-off versus Nico Hischier in SAN FRANCISCO SPIDERS zone. 10:56 of 3rd period - Shot by Leon Draisaitl. 10:56 of 3rd period - Shot Blocked by Trevor Moore. 10:58 of 3rd period - Shot by Devon Toews. 10:58 of 3rd period - Stopped by Igor Shesterkin without a rebound. 10:59 of 3rd period - Sidney Crosby wins face-off versus Nico Hischier in SAN FRANCISCO SPIDERS zone. 11:35 of 3rd period - Trevor Moore is hit by Devon Toews and loses puck. 11:45 of 3rd period - Off-side. 11:46 of 3rd period - Nick Bjugstad wins face-off versus Tage Thompson in neutral zone. 11:46 of 3rd period - Nick Bjugstad is hit by Jamie Benn. 11:50 of 3rd period - Shot by Nick Bjugstad. 11:50 of 3rd period - Deflect By Brady Tkachuk. 11:50 of 3rd period - Shot Blocked by Mario Ferraro. 12:06 of 3rd period - Shot by Bryan Rust. 12:06 of 3rd period - Deflect By Tage Thompson. 12:06 of 3rd period - Stopped by Igor Shesterkin without a rebound. 12:07 of 3rd period - Bo Horvat wins face-off versus Alexander Wennberg in SAN FRANCISCO SPIDERS zone. 12:20 of 3rd period - Shot by Gustav Nyquist. 12:20 of 3rd period - Shot Blocked by Jamie Oleksiak. 12:32 of 3rd period - Shot by Gustav Nyquist. 12:32 of 3rd period - Shot Misses the Net. 12:39 of 3rd period - Gustav Nyquist is hit by Jamie Oleksiak and loses puck. 12:45 of 3rd period - Brandon Hagel is hit by Lane Hutson and loses puck. 12:50 of 3rd period - Shot by Bo Horvat. 12:50 of 3rd period - Shot Hit the Post. 12:52 of 3rd period - Shot by Brandon Hagel. 12:52 of 3rd period - Shot Blocked by Lane Hutson. 13:09 of 3rd period - Minor Penalty to Jamie Oleksiak for Interference. 13:10 of 3rd period - Jamie Benn wins face-off versus Sebastian Aho in COLORADO GLACIERCATS zone. 14:24 of 3rd period - Shot by Brent Burns. 14:24 of 3rd period - Stopped by Andrei Vasilevskiy without a rebound. 14:25 of 3rd period - Zach Hyman wins face-off versus Nic Dowd in COLORADO GLACIERCATS zone. 14:26 of 3rd period - Shot by Brady Tkachuk. 14:26 of 3rd period - Stopped by Andrei Vasilevskiy with a rebound. 14:30 of 3rd period - Shot by Brady Tkachuk. 14:30 of 3rd period - Stopped by Andrei Vasilevskiy without a rebound. 14:31 of 3rd period - Nico Hischier wins face-off versus Nic Dowd in COLORADO GLACIERCATS zone. 14:44 of 3rd period - Shot by Nico Hischier. 14:44 of 3rd period - Stopped by Andrei Vasilevskiy without a rebound. 14:45 of 3rd period - Nic Dowd wins face-off versus Bo Horvat in COLORADO GLACIERCATS zone. 15:21 of 3rd period - Trevor Moore is hit by Lane Hutson and loses puck. 15:25 of 3rd period - Icing by Lane Hutson. 15:26 of 3rd period - Sidney Crosby wins face-off versus Dakota Joshua in COLORADO GLACIERCATS zone. 15:31 of 3rd period - Shot by Sidney Crosby. 15:31 of 3rd period - Stopped by Igor Shesterkin without a rebound. 15:32 of 3rd period - Tage Thompson wins face-off versus Nick Bjugstad in SAN FRANCISCO SPIDERS zone. 16:56 of 3rd period - Shot by Trevor Moore. 16:56 of 3rd period - Stopped by Andrei Vasilevskiy with a rebound. 16:58 of 3rd period - Shot by Nico Hischier. 16:58 of 3rd period - Shot Blocked by Erik Karlsson. 17:02 of 3rd period - Shot by Nico Hischier. 17:02 of 3rd period - Shot Misses the Net. 17:06 of 3rd period - Shot by Trevor Moore. 17:06 of 3rd period - Shot Misses the Net. 17:12 of 3rd period - Shot by Nico Hischier. 17:12 of 3rd period - Shot Misses the Net. 17:42 of 3rd period - Shot by Bo Horvat. 17:42 of 3rd period - Shot Misses the Net. 17:48 of 3rd period - Shot by Bo Horvat. 17:48 of 3rd period - Stopped by Andrei Vasilevskiy without a rebound. 17:49 of 3rd period - Dakota Joshua wins face-off versus Teuvo Teravainen in COLORADO GLACIERCATS zone. 18:04 of 3rd period - Minor Penalty to Joel Edmundson for Hooking. 18:05 of 3rd period - Nick Bjugstad wins face-off versus Tage Thompson in SAN FRANCISCO SPIDERS zone. 19:16 of 3rd period - Brandon Hagel is hit by Sidney Crosby and loses puck. 19:40 of 3rd period - Off-side. 19:41 of 3rd period - Tage Thompson wins face-off versus Gustav Nyquist in neutral zone. Goals for this period are 1 for COLORADO GLACIERCATS vs 1 for SAN FRANCISCO SPIDERS. Shots for this period are 8 for COLORADO GLACIERCATS vs 12 for SAN FRANCISCO SPIDERS. Back to the Top |
VINCE DUNN ![]() |
JAMIE BENN ![]() |
JONATHAN DROUIN ![]() |
![]() |